 Seeded DCSS version 0.25-a0-578-gc91f01c (webtiles) character file.

Game seed: 1238329274241733368, levelgen mode: deterministic

93 Illumine the Gusty (level 4, -1/33 HPs)
             Began as a Demigod Air Elementalist on Mar 3, 2020.
             Slain by an orc
             ... wielding a +0 whip
              (4 damage)
             ... on level 2 of the Dungeon.
             The game lasted 00:06:51 (1988 turns).

Illumine the Gusty (Demigod Air Elementalist)       Turns: 1988, Time: 00:06:51

Health: -1/33      AC:  3    Str: 11    XL:     4   Next: 14%
Magic:  18/19      EV: 13    Int: 21    God:
Gold:   149        SH:  0    Dex: 16    Spells: 1/7 levels left

rFire    . . .     SeeInvis .   b - +0 hunting sling
rCold    . . .     Gourm    .   (no shield)
rNeg     . . .     Faith    .   g - +0 robe
rPois    .         Spirit   .   r - +0 helmet
rElec    .         Reflect  .   (no cloak)
rCorr    .         Harm     .   (no gloves)
MR       .....                  (no boots)
Stlth    +++.......             (no amulet)
HPRegen  0.11/turn              m - ring of stealth
MPRegen  0.16/turn              t - ring of magical power

@: no status effects
A: high mp 1
a: no special abilities


You were on level 2 of the Dungeon.
You were hungry.

You visited 1 branch of the dungeon, and saw 4 of its levels.

You collected 149 gold pieces.

Inventory:

Hand Weapons
 a - a +0 short sword
 b - a +0 hunting sling (weapon)
Missiles
 d - 48 bolts
 l - 62 stones (quivered)
Armour
 g - a +0 robe (worn)
 r - a +0 helmet (worn)
Jewellery
 m - a ring of stealth (left hand)
 t - a ring of magical power (right hand)
Scrolls
 f - a scroll of random uselessness {unknown}
 h - 2 scrolls of enchant weapon {unknown}
 i - a scroll of blinking {unknown}
 j - a scroll of identify {unknown}
 k - a scroll of noise {unknown}
 o - 2 scrolls of fog {unknown}
 p - 2 scrolls of remove curse {unknown}
Potions
 e - 2 potions of brilliance {unknown}
 n - a potion of degeneration {unknown}
 s - a potion of stabbing {unknown}
Comestibles
 c - 3 rations


   Skills:
 + Level 2.4 Dodging
 - Level 2.1 Stealth
 + Level 2.4 Spellcasting
 + Level 1.7 Conjurations
 + Level 3.4 Air Magic


You had one spell level left.
You knew the following spells:

 Your Spells              Type           Power        Failure   Level  Hunger
a - Shock                 Conj/Air       ##..         4%          1    None
b - Swiftness             Chrm/Air       #.......     11%         2    ##.....
c - Static Discharge      Conj/Air       ##......     14%         3    ###....

Your spell library contained the following spells:

 Spells                   Type           Power        Failure   Level  Hunger
 Airstrike                Air            ###.......   34%         4    ####...
 Lightning Bolt           Conj/Air       ##........   80%         5    ######.


Dungeon Overview and Level Annotations

Branches:
Dungeon (4/15)
 Temple: D:4-7

Annotations:
D:2 1 runed translucent door, Crazy Yiuf
D:3 Sigmund
D:4 Grinder


Innate Abilities, Weirdness & Mutations

You have an increased reservoir of magic. (+10% MP)


Message History

Reactivating autopickup.
There is a stone staircase leading up here.
The orc hits you with a +0 whip.
* * * LOW HITPOINT WARNING * * *
Sigmund casts a spell.
Sigmund flickers and vanishes!
Deactivating autopickup; reactivate with Ctrl-A.
You climb upwards.
Level annotation: 1 runed translucent door, Crazy Yiuf Reactivating autopickup.
There is a stone staircase leading down here.
The orc hits you with a +0 whip.
* * * LOW HITPOINT WARNING * * *
Casting: Swiftness (safe; 11% risk of failure)
Confirm with . or Enter, or press ? or * to list all spells.
Aiming: Shock (safe; 4% risk of failure)
Press: ? - help, Shift-Dir - straight line, f - orc
Aim: an orc, wielding a +0 whip The zap misses the orc.
The orc hits you with a +0 whip.
You die...

#.#####.#####.#.#..............#
#.#...#.#...#...#..............##
#.#..##.#.#.##..#..............#.
.....##.#.#.##..#..............#.
#.#.....#'#.....#..............#.
#.#.)......###...#..############.
#.#........<.....)..# #.
#.#........#.....#.## #.
..#.............@..# #####
###........#....#o.# #....
................#..####### #...(
...........#....#.>#..[..# #....
............#.###..#.###.# #[...
............#.###..#.# #.# #....
............#...#..#.###.# #....
########....###.#..#.....####..^.
#.#......#..#.............


You could see an orc.

Vanquished Creatures
  Robin (D:2)
  3 adders (D:2)
  An ooze (D:1)
  A worm (D:2)
  A leopard gecko (D:2)
  A ball python (D:2)
  2 bats (D:1)
  14 goblins
  5 hobgoblins
  3 jackals (D:2)
  6 kobolds
  A frilled lizard (D:2)
  3 rats
42 creatures vanquished.

Notes
Turn   | Place    | Note
-------+----------+-------------------------------------------
     0 | D:1      | Illumine the Demigod Air Elementalist began the quest for
                  | the Orb.
     0 | D:1      | Reached XP level 1. HP: 14/14 MP: 5/5
   497 | D:1      | Reached skill level 3 in Air Magic
   632 | D:1      | Reached XP level 2. HP: 18/20 MP: 2/7
   646 | D:1      | Learned a level 2 spell: Swiftness
   649 | D:1      | Reached skill level 1 in Conjurations
   913 | D:2      | Noticed Robin
   955 | D:2      | Killed Robin
   955 | D:2      | Reached XP level 3. HP: 26/26 MP: 2/8
  1227 | D:2      | Learned a level 3 spell: Static Discharge
  1424 | D:2      | Found a sacrificial altar of Ru.
  1582 | D:2      | Reached XP level 4. HP: 33/33 MP: 10/10
  1720 | D:2      | Found a runed translucent door.
  1721 | D:2      | Noticed Crazy Yiuf
  1948 | D:3      | Noticed Sigmund
  1976 | D:4      | Noticed Grinder
  1988 | D:2      | Slain by an orc

Levels and vault maps discovered:
D:1:      elethiomel_arrival_shortcut, layout_basic
D:2:      layout_basic, nicolae_ru_sacrificial_ziggurat, first_ration,
          uniq_robin, uniq_crazy_yiuf_cottage
D:3:      layout_loops_ring, minmay_goblin_outpost, uniq_sigmund, uniq_terence
D:4:      layout_cave_pods, nicolae_overflow_crystal_walls,
          minmay_gold_behind_fungi, trog_wizard, uniq_grinder

Skill      XL: |  1  2 |
---------------+-------+-----
Stealth        | 2 |  2.1
Air Magic      | 3 |  3.4
Conjurations   | 1 |  1.7
Spellcasting   | 2 |  2.4
Dodging        | 2 |  2.4

Action                   |  1- 3 |  4- 6 || total
-------------------------+-------+-------++-------
Melee: Short sword       |    14 |       ||    14
 Fire: Hunting sling     |    42 |     3 ||    45
 Cast: Shock             |    45 |     7 ||    52
       Swiftness         |       |     1 ||     1
  Eat: Chunk             |     2 |     1 ||     3
Armor: Robe              |     6 |       ||     6
Dodge: Dodged            |    27 |     1 ||    28

Table legend:
 A = Non-vault XP
 B = Vault XP
 C = Vault XP percentage of total XP
 D = Non-vault monster count
 E = Vault monster count
 F = Vault count percentage of total count
                 A         B        C        D         E       F
            +---------+---------+-------+---------+---------+-------
      Total |      96 |      37 |  27.8 |      30 |      12 |  28.6
            +---------+---------+-------+---------+---------+-------
        D:1 |      23 |       2 |   8.0 |      10 |       1 |   9.1
        D:2 |      72 |      35 |  32.7 |      19 |      11 |  36.7
        D:3 |       1 |       0 |   0.0 |       1 |       0 |   0.0
            +---------+---------+-------+---------+---------+-------
